[Event "*** Titled Tuesday 3|2 Blitz"]
[Site "Chess.com"]
[Date "2017.06.06"]
[Round "7"]
[White "kikydu96"]
[Black "amurdercastle"]
[Result "0-1"]
[WhiteElo "2307"]
[BlackElo "2295"]
[TimeControl "180+2"]
[EndTime "15:24:47 PDT"]
[Termination "amurdercastle won by resignation"]

1. e4 c6 2. d4 d5 3. Nc3 dxe4 4.
Nxe4 Bf5 5. Ng3 Bg6 6. h4 h6 7. Nf3 e6 8. Ne5 Bh7 9. Bd3 Bxd3 10. Qxd3 Nd7 11. f4 Be7 12. Bd2 Bxh4 13. O-O-O Nxe5 14. fxe5 Bxg3 15. Qxg3 Ne7 16. Bb4 Nf5 17. Qf4 g5 18.
Qf2 a5 19. Ba3 g4 20. Rh5 Qd5 21. Kb1 O-O-O 22. c3 Qe4+ 23. Kc1 g3 24. Qd2 Qg4 25. Rhh1 h5 26. Bc5 Kc7 27. Rhf1 b6 28. Rf4 Qg6 29.
Ba3 h4 30. Qd3 h3 31. gxh3 Rxh3 32. Qa6 Qg5 33. Qa7+ Kc8 34. Qa8+ Kd7 35. Qb7+ Ke8 36. Qxc6+ Rd7 37. Qc8+ Qd8 38. Qc6 Qc7 39. Qg2 Rh2 40. Qf3 Qc4 41. Rg4 Kd8 42. Qa8+ Kc7 43. Qa7+ Kc6 44. Qa8+ Kb5 45. Qe8 Qc6 46. Kb1 Ka6 47.
Rg8 Rc7 48. Bd6 Qxe8 49. Rxe8 Rd7 50. Rg8 Kb5 51. Rg1 Kc6 52. b3 Kd5 53. Rf8 Ke4 54. Rg8 Kf3 55. Kc1 Kf2 56. Rd1 Kg2 57. Rd2+ Kf3 58.
Rxh2 gxh2 59. Rh8 Kg2 60. Rg8+ Ng3 61. Rh8 h1=Q+ 62. Rxh1 Kxh1 63. Kd2 Nf5 64. Ba3 Kg2 65. Kd3 Kf3 66. Bb2 Rd5 67. c4 Rd7 68. a3 Rd8 69. b4 axb4 70. axb4 Ra8 71. b5 Ra2 72. Bc3 Ne7 73. c5 Nd5 74. cxb6 Nxb6 75. Bb4 Rb2 76. Kc3 Rb1 77. Bc5 Nd5+ 78. Kc4 Ke4 79. b6 Nxb6+ 0-1

[Event "*** Titled Tuesday 3|2 Blitz"]
[Site "Chess.com"]
[Date "2017.06.06"]
[Round "7"]
[White "Blitzstream"]
[Black "Ind1anStar"]
[Result "0-1"]
[WhiteElo "2475"]
[BlackElo "2320"]
[TimeControl "180+2"]
[EndTime "15:26:16 PDT"]
[Termination "Ind1anStar won by resignation"]

1. d4 Nf6 2. h4 d5 3. h5 h6 4. a4 Bg4 5. a5 a6 6. Nf3 Bxh5 7. Ne5 Nbd7 8. c4 e6 9. Qb3 Rb8 10. cxd5 exd5 11. e4 Qe7 12. Nc3 Nxe5 13. dxe5 Qxe5 14. f4 Qe6 15. e5 Bg6 16. Be3 c5 17.
O-O-O d4 18. Bc4 Qe7 19. Nb5 axb5 20. Bxb5+ Nd7 21. Bxd4 cxd4 22. Rxd4 Bf5 23. Rhd1 Rc8+ 24. Kd2 Qc5 25. Ke1 Qc7 26. Rxd7 Bxd7 27. Rxd7 Qxd7 28. Bxd7+ Kxd7 29. Qxb7+ Rc7 30. Qd5+ Kc8 31. Ke2 Kb8 32. Qd8+ Rc8 33. Qb6+ Ka8 34. Qa6+ Kb8 35. Qb5+ Ka8 36.
a6 Rb8 37. Qd5+ Ka7 38. Qxf7+ Kxa6 39. Qc4+ Ka7 40. Qa4+ Kb7 41. Qd7+ Ka8 42. Qc6+ Ka7 43. Qc7+ Rb7 44. Qa5+ Kb8 45. Qd8+ Ka7 46. e6 Rxb2+ 47. Kf3 Rb3+ 48. Ke4 Rb4+ 49. Kf5 Rb8 50. e7 Bxe7 51. Qxe7+ Rb7 52. Qc5+ Kb8 53. Qe5+ Ka8 54. Qa5+ Kb8 55. Qe5+ Ka8 56. g3 Rf8+ 57. Kg6 Rf6+ 58. Kh5 Rfb6 59. Qe8+ Rb8 60. Qa4+ Kb7 61. Qd7+ Ka6 62. Qxg7 Rc8 63.
g4 Rc1 64. g5 Rh1+ 65. Kg4 hxg5 66. fxg5 Rg1+ 67. Kf3 Rb3+ 68. Ke4 Rbg3 69. Qf6+ Kb7 70. Qe7+ Kb6 71. Qd6+ Kb5 72. Qd5+ Kb6 73. Qe6+ Kb5 74.
Qf5+ Kb6 75. Qf6+ Kb5 76. Qb2+ Kc6 77. Qc2+ Kb5 78. Qe2+ Kc6 79. Qa6+ Kc5 80. Qa7+ Kc6 81. Qa4+ Kc5 82. Qd4+ Kc6 83. Qf6+ Kc5 84. Qe7+ Kb5 85. Qd7+ Kc5 86. Qb7 Rxg5 87. Kf3 Rf5+ 88. Ke3 Rgf1 89. Ke2 R1f2+ 90. Ke1 Kd4 91. Qb6+ Ke4 92. Qe6+ Kd4 93. Qd6+ Ke4 94. Qb6 Rf1+ 95. Kd2 R5f2+ 96. Kc3 Rc1+ 97.
Kb4 Rb1+ 98. Kc4 Rxb6 0-1

[Event "*** Titled Tuesday 3|2 Blitz"]
[Site "Chess.com"]
[Date "2017.06.06"]
[Round "7"]
[White "Shivagami"]
[Black "viggi38"]
[Result "1-0"]
[WhiteElo "1999"]
[BlackElo "2132"]
[TimeControl "180+2"]
[EndTime "15:27:01 PDT"]
[Termination "Shivagami won by checkmate"]

1. Nc3 d5 2. e4 d4 3. Nce2 e5 4.
Nf3 Bd6 5. Ng3 Nf6 6. Bc4 O-O 7. d3 Nc6 8. a3 Ne7 9. O-O Ng6 10. h3 a6 11. Re1 b5 12. Bb3 c5 13. Nf5 Be6 14. Ng5 Qd7 15. g4 Rac8 16. Bxe6 fxe6 17. Ng3 Qe7 18.
c3 Nh4 19. Nf3 Nxf3+ 20. Qxf3 Nd5 21. Qd1 Nf4 22. Bxf4 exf4 23. Nf1 f3 24. e5 Bb8 25. Ng3 Qh4 26. Kh2 Rf4 27. Rc1 dxc3 28. Rxc3 Rxg4 29.
Qxf3 Rf4 30. Qe2 Rcf8 31. Rf1 Bxe5 32. Qxe5 Rxf2+ 33. Rxf2 Rxf2+ 34. Kg1 Rd2 35. Qxe6+ Kf8 36. Qf5+ Ke8 37. Qe4+ Qxe4 38. Nxe4 Rxb2 39. Nxc5 a5 40.
Nb7 b4 41. axb4 axb4 42. Rc1 Rd2 43. Nc5 b3 44. Nxb3 Rxd3 45. Nc5 Rxh3 46. Kg2 Rh5 47.
Ne6 Ke7 48. Nf4 Rg5+ 49. Kh3 Kf6 50. Rc6+ Ke7 51. Rc7+ Kd6 52. Ra7 h6 53. Kh4 Rg1 54.
Ra6+ Kc5 55. Kh3 Kb5 56. Ra7 g5 57. Ng2 h5 58. Rh7 g4+ 59. Kh2 Ra1 60. Rxh5+ Kc6 61.
Rg5 Ra4 62. Kg3 Kd6 63. Nf4 Ke7 64. Kxg4 Kf6 65. Rb5 Rc4 66. Kf3 Rc1 67. Ke4 Ke7 68.
Kf5 Rf1 69. Rb6 Kd7 70. Ke5 Re1+ 71. Kf6 Rf1 72. Kf5 Kc7 73. Rh6 Kd7 74. Ke4 Re1+ 75.
Kf3 Rf1+ 76. Ke3 Re1+ 77. Kd2 Rf1 78. Nd5 Rf5 79. Ne3 Ra5 80. Kd3 Ra3+ 81. Ke4 Ra4+ 82.
Ke5 Ra5+ 83. Nd5 Ra1 84. Rh7+ Ke8 85. Ke6 Re1+ 86. Kd6 Kf8 87. Nf6 Rf1 88. Ke6 Re1+ 89. Kf5 Rf1+ 90. Ke5 Re1+ 91. Ne4 Kg8 92. Ra7 Kf8 93.
Kf5 Rf1+ 94. Kg5 Rg1+ 95. Kf6 Rf1+ 96. Ke6 Re1 97. Ke5 Ke8 98. Kd5 Rd1+ 99. Ke6 Re1 100.
Ra8# 1-0

[Event "*** Titled Tuesday 3|2 Blitz"]
[Site "Chess.com"]
[Date "2017.06.06"]
[Round "8"]
[White "fidetrainerNET"]
[Black "lucasmito"]
[Result "1-0"]
[WhiteElo "2106"]
[BlackElo "2037"]
[TimeControl "180+2"]
[EndTime "15:29:14 PDT"]
[Termination "fidetrainerNET won by resignation"]

1. e4 e5 2. Nf3 Nc6 3. Bc4 Nf6 4.
Ng5 d5 5. exd5 Nd4 6. c3 b5 7. Bf1 Nxd5 8. d3 Ne6 9. h4 h6 10. Ne4 Be7 11. Qb3 c6 12. a4 Rb8 13. axb5 Rxb5 14.
Qc4 Rc5 1-0

[Event "*** Titled Tuesday 3|2 Blitz"]
[Site "Chess.com"]
[Date "2017.06.06"]
[Round "8"]
[White "saraswathii"]
[Black "Indianlad"]
[Result "0-1"]
[WhiteElo "2282"]
[BlackElo "2586"]
[TimeControl "180+2"]
[EndTime "15:29:43 PDT"]
[Termination "Indianlad won by resignation"]

1. e4 g6 2. d3 Bg7 3. Nf3 d5 4.
Nbd2 Nc6 5. g3 h5 6. h4 dxe4 7. dxe4 Nh6 8. Bg2 Ng4 9. O-O b6 10. Qe2 a5 11. Rd1 Ba6 12. Qe1 Nb4 13. Nb3 Nxc2 14. Rxd8+ Rxd8 0-1

[Event "*** Titled Tuesday 3|2 Blitz"]
[Site "Chess.com"]
[Date "2017.06.06"]
[Round "8"]
[White "Blitzking4444"]
[Black "angieflynn"]
[Result "1-0"]
[WhiteElo "2020"]
[BlackElo "1767"]
[TimeControl "180+2"]
[EndTime "15:31:45 PDT"]
[Termination "Blitzking4444 won by resignation"]

1. e4 e6 2. d4 d5 3. Nd2 Nf6 4.
e5 Ne4 5. Nxe4 dxe4 6. Bc4 b6 7.
Nh3 Bb7 8. Nf4 c5 9. d5 exd5 10. Bxd5 Qc7 11. e6 Bxd5 12. Qxd5 Qc6 13. exf7+ Ke7 14.
Ng6+ hxg6 15. Bg5+ 1-0

[Event "*** Titled Tuesday 3|2 Blitz"]
[Site "Chess.com"]
[Date "2017.06.06"]
[Round "8"]
[White "anon102030"]
[Black "WeiYi1999"]
[Result "1-0"]
[WhiteElo "2582"]
[BlackElo "2141"]
[TimeControl "180+2"]
[EndTime "15:31:56 PDT"]
[Termination "anon102030 won by resignation"]

1. e4 e5 2. Nc3 Nf6 3. g3 d5 4.
exd5 Nxd5 5. Bg2 Nxc3 6. bxc3 Nc6 7. Rb1 Bc5 8. Ne2 O-O 9. O-O Bb6 10. d3 Re8 11.
Be3 Bg4 12. h3 Bh5 13. g4 Bg6 14. c4 h5 15. c5 Ba5 16. Rxb7 Re6 17. Ng3 h4 18. Nf5 Nd4 19. Nxd4 exd4 20. Bf4 Rc8 21.
Rxa7 f5 22. Rxa5 fxg4 1-0

[Event "*** Titled Tuesday 3|2 Blitz"]
[Site "Chess.com"]
[Date "2017.06.06"]
[Round "8"]
[White "Frolik67"]
[Black "yurisolo"]
[Result "0-1"]
[WhiteElo "2325"]
[BlackElo "2513"]
[TimeControl "180+2"]
[EndTime "15:32:38 PDT"]
[Termination "yurisolo won by checkmate"]

1. e4 c5 2. Nf3 d6 3. Bb5+ Nd7 4.
O-O Nf6 5. Re1 a6 6. Bf1 b6 7. d3 Bb7 8. Nbd2 e6 9. a4 Be7 10. g3 O-O 11. Bg2 Qc7 12. c3 Rfe8 13. h4 b5 14. d4 b4 15. Rb1 Rac8 16. e5 dxe5 17. dxe5 Ng4 18. Qe2 c4 19. Bh3 h5 20. Bf1 Bc5 21.
Nd4 Ndxe5 22. f4 Nd3 23. Rd1 e5 24. fxe5 Rxe5 25. Nxc4 Rxe2 26. Bxe2 Qxg3+ 27. Kf1 Qf2# 0-1

[Event "*** Titled Tuesday 3|2 Blitz"]
[Site "Chess.com"]
[Date "2017.06.06"]
[Round "8"]
[White "Aikiigm"]
[Black "FearlessKing64"]
[Result "1-0"]
[WhiteElo "2419"]
[BlackElo "2152"]
[TimeControl "180+2"]
[EndTime "15:32:47 PDT"]
[Termination "Aikiigm won by resignation"]

1. Nc3 e6 2. e4 d5 3. d4 Nf6 4.
exd5 exd5 5. Bf4 Bd6 6. Qd2 O-O 7. O-O-O Ne4 8. Nxe4 dxe4 9. Bc4 Nc6 10. f3 Bf5 11. g4 Bg6 12. h4 exf3 13. Nxf3 Be4 14. Rhf1 Ne7 15. Ng5 Bd5 16. Qd3 g6 17. Bxd6 Qxd6 18.
h5 Bxc4 19. Qxc4 Qd5 20. Qxd5 Nxd5 21. Rde1 h6 22. Ne4 g5 23. Ng3 c6 24. Nf5 Kh7 25. c4 Nf4 26. Re7 b5 27. c5 Rad8 28. Kc2 Rd5 29. Rfe1 Ne6 30. R1xe6 1-0

[Event "*** Titled Tuesday 3|2 Blitz"]
[Site "Chess.com"]
[Date "2017.06.06"]
[Round "8"]
[White "olgerts_indricans"]
[Black "AdrianaNikolova"]
[Result "1-0"]
[WhiteElo "2306"]
[BlackElo "2302"]
[TimeControl "180+2"]
[EndTime "15:32:51 PDT"]
[Termination "olgerts_indricans won by resignation"]

1. Nf3 d5 2. b3 Nf6 3. Bb2 Bf5 4. e3 e6 5. d4 Be7 6. Be2 O-O 7. Nh4 c5 8. Nxf5 exf5 9. dxc5 Bxc5 10. O-O Nc6 11.
Bf3 Ne4 12. Nc3 Ne7 13. Na4 Bd6 14. Qe2 Qc7 15. g3 Rac8 16. Rac1 a6 17. c4 dxc4 18. Rxc4 Qa5 19. Rd1 Rxc4 20. Qxc4 b5 21. Qd4 f6 22.
Bxe4 Be5 23. Bd5+ Kh8 24. Qc5 Qd8 25. Bxe5 fxe5 26. Bf3 Qe8 27. Nb6 e4 28. Be2 Nc6 29.
Nd7 1-0

[Event "*** Titled Tuesday 3|2 Blitz"]
[Site "Chess.com"]
[Date "2017.06.06"]
[Round "8"]
[White "penguingm1"]
[Black "Hikaru"]
[Result "0-1"]
[WhiteElo "2613"]
[BlackElo "2920"]
[TimeControl "180+2"]
[EndTime "15:33:21 PDT"]
[Termination "Hikaru won by resignation"]

1. d4 Nf6 2. c4 b6 3. Nc3 Bb7 4.
Qc2 d5 5. cxd5 Nxd5 6. e4 Nxc3 7.
bxc3 e6 8. Bb5+ c6 9. Bd3 c5 10. Nf3 Be7 11. O-O O-O 12. Rd1 Qc7 13. Qe2 Nd7 14.
Bb2 Rac8 15. h3 Rfd8 16. a4 e5 17. d5 c4 18. Bc2 Nf6 19. Bc1 Ne8 20. Be3 f6 21.
Nd2 Bc5 22. Nxc4 Ba6 23. Bb3 Nd6 24. Qa2 Bxc4 25. Bxc4 Bxe3 26. Ba6 Bc5 27. Bxc8 Qxc8 28. Qe2 f5 29. exf5 Qxf5 30. Kh2 Bxf2 31. g4 Qf4+ 32.
Kg2 Qg3+ 0-1

[Event "*** Titled Tuesday 3|2 Blitz"]
[Site "Chess.com"]
[Date "2017.06.06"]
[Round "8"]
[White "GeorgMeier"]
[Black "TrickyTrapChess"]
[Result "0-1"]
[WhiteElo "2759"]
[BlackElo "2298"]
[TimeControl "180+2"]
[EndTime "15:33:22 PDT"]
[Termination "TrickyTrapChess won by resignation"]

1. Nf3 Nf6 2. g3 g6 3. Bg2 Bg7 4. O-O O-O 5. d4 d6 6. b3 Nbd7 7. Bb2 c5 8. c4 Rb8 9. Nc3 a6 10.
Rc1 b5 11. dxc5 Nxc5 12. Nd4 Bd7 13. cxb5 axb5 14. b4 Na6 15. a3 Qb6 16. e3 Rfc8 17. Qe2 e5 18. Nb3 Be6 19. Na5 d5 20. Rfd1 d4 21. Ne4 Nxe4 22. Bxe4 Rxc1 23. Rxc1 dxe3 24.
Qxe3 Qxe3 25. fxe3 Rd8 26. Nc6 Re8 27. Kf2 Bc4 28.
Na5 Be6 29. Rc6 Nb8 30. Rc7 Na6 31. Ke1 Nxc7 0-1

[Event "*** Titled Tuesday 3|2 Blitz"]
[Site "Chess.com"]
[Date "2017.06.06"]
[Round "8"]
[White "ProfCalculus"]
[Black "kikydu96"]
[Result "1-0"]
[WhiteElo "2159"]
[BlackElo "2296"]
[TimeControl "180+2"]
[EndTime "15:33:27 PDT"]
[Termination "ProfCalculus won by checkmate"]

1. d4 d5 2. c4 c6 3. Nc3 Nf6 4.
e3 a6 5. Qc2 e6 6. b3 Be7 7.
Bd3 O-O 8. Nf3 Nbd7 9. O-O b5 10. Ne5 Bb7 11. Bb2 h6 12. f4 Rc8 13. c5 Nxe5 14. fxe5 Nd7 15. e4 Bg5 16. Qe2 f6 17. exd5 exd5 18.
e6 Re8 19. Rae1 Nb8 20. Qh5 b4 21. Qf7+ Kh8 22. e7 Qd7 23. Qg6 Rxe7 24. Qh7# 1-0

[Event "*** Titled Tuesday 3|2 Blitz"]
[Site "Chess.com"]
[Date "2017.06.06"]
[Round "8"]
[White "Spinaltap"]
[Black "ArnaudovP"]
[Result "1-0"]
[WhiteElo "2514"]
[BlackElo "2420"]
[TimeControl "180+2"]
[EndTime "15:33:33 PDT"]
[Termination "Spinaltap won by resignation"]

1. d4 Nf6 2. c4 Nc6 3. Nf3 e6 4.
g3 d5 5. Nbd2 Bb4 6. Qc2 dxc4 7.
Qxc4 Qd5 8. Qxd5 exd5 9. a3 Bd6 10. b4 Ne7 11. e3 c6 12. Bb2 Bf5 13. Ne5 Ne4 14. f3 Nxd2 15. Kxd2 f6 16. Nd3 a5 17. g4 Bg6 18. b5 O-O 19. bxc6 bxc6 20. Bc3 Rfb8 21. Be2 Nc8 22. Nc5 Nb6 23. h3 h6 24.
Rhc1 Kf7 25. a4 Ke7 26. Ke1 Bxc5 27. dxc5 Nd7 28. Bd4 Rb3 29. Kf2 Ne5 30. Rc3 Rb2 31. Kf1 Rab8 32. f4 Bb1 33. fxe5 1-0

[Event "*** Titled Tuesday 3|2 Blitz"]
[Site "Chess.com"]
[Date "2017.06.06"]
[Round "8"]
[White "Setne007"]
[Black "AllStarShark"]
[Result "0-1"]
[WhiteElo "2036"]
[BlackElo "2284"]
[TimeControl "180+2"]
[EndTime "15:33:46 PDT"]
[Termination "AllStarShark won by resignation"]

1. d4 d5 2. Bf4 Nf6 3. e3 e6 4. c3 Bd6 5. Nd2 O-O 6. Ngf3 c5 7. Bd3 Nc6 8. Bg3 b6 9. e4 dxe4 10.
Nxe4 Bxg3 11. hxg3 h6 12. dxc5 bxc5 13. Nxc5 Qb6 14.
Nb3 a5 15. Qe2 a4 16. Nbd4 Nxd4 17. Nxd4 e5 18. Nb5 e4 19. Bc4 Bg4 20. Qf1 Qc6 21. Nd4 Qb6 22. Rb1 Rad8 23. Rh4 Rxd4 24. Rxg4 Rxc4 25.
Rxg7+ Kxg7 26. Qxc4 e3 27. f3 Qd6 0-1

[Event "*** Titled Tuesday 3|2 Blitz"]
[Site "Chess.com"]
[Date "2017.06.06"]
[Round "8"]
[White "Squirlolz"]
[Black "mwpchess"]
[Result "0-1"]
[WhiteElo "2338"]
[BlackElo "2476"]
[TimeControl "180+2"]
[EndTime "15:34:00 PDT"]
[Termination "mwpchess won on time"]

1. e4 c6 2. Nf3 d5 3. Nc3 Nf6 4.
e5 Ne4 5. Ne2 Qb6 6. d4 e6 7.
Ng3 Nxg3 8. hxg3 c5 9. c3 Nc6 10. Bd3 Bd7 11. Rxh7 Rxh7 12. Bxh7 g6 13. Ng5 cxd4 14.
Nxf7 Kxf7 15. Qf3+ Kg7 16. Qf6+ Kxh7 17. Qf7+ Bg7 18. Bh6 Rg8 19. O-O-O Be8 20. Rh1 Bxf7 21. Bg5+ Bh6 22. Bxh6 g5 23. g4 Kg6 24. f4 Rh8 0-1

[Event "*** Titled Tuesday 3|2 Blitz"]
[Site "Chess.com"]
[Date "2017.06.06"]
[Round "8"]
[White "Patov"]
[Black "PaulfromSPb"]
[Result "1-0"]
[WhiteElo "2331"]
[BlackElo "2573"]
[TimeControl "180+2"]
[EndTime "15:34:13 PDT"]
[Termination "Patov won by resignation"]

1. e4 c5 2. c3 Nf6 3. e5 Nd5 4.
Nf3 e6 5. d4 cxd4 6. cxd4 d6 7.
Bc4 Nc6 8. Nc3 Nxc3 9. bxc3 dxe5 10. O-O exd4 11. cxd4 Be7 12. Rb1 O-O 13. Rb5 Bf6 14. Bb2 a6 15. Rh5 b5 16. Bd3 g6 17. Rh6 Nxd4 18.
Be4 Nxf3+ 19. Qxf3 Bxb2 20. Bxa8 Bg7 21. Rh3 e5 22.
Rd1 Qa5 23. Qa3 Qb6 24. Rhd3 Bf5 25. Rd6 Qc7 26. Bd5 a5 27. Rc1 Qa7 28. Qc5 Qxc5 29. Rxc5 e4 30. Rxb5 Rc8 31. g3 Bh3 32. Rc6 Rd8 33.
Rc7 Be5 34. Rxf7 Kh8 35. Rbb7 Bg7 36. Rxg7 Rxd5 37. Rxh7+ Kg8 38. Rxh3 1-0

[Event "*** Titled Tuesday 3|2 Blitz"]
[Site "Chess.com"]
[Date "2017.06.06"]
[Round "8"]
[White "ehrenfeld"]
[Black "hassler2"]
[Result "1-0"]
[WhiteElo "2391"]
[BlackElo "2292"]
[TimeControl "180+2"]
[EndTime "15:34:20 PDT"]
[Termination "ehrenfeld won by checkmate"]

1. e4 b6 2. d4 Bb7 3. Bd3 c6 4.
Nf3 d6 5. O-O e6 6. c4 Nd7 7. Nc3 Be7 8. Re1 a6 9. b3 b5 10. Bb2 h5 11. Rc1 g5 12. d5 bxc4 13.
dxe6 fxe6 14. Bxc4 Nf8 15. Nd4 Qd7 16. Na4 e5 17. Nb6 Qd8 18. Nxa8 exd4 19. Bxd4 Bf6 20. Nb6 Ng6 21. Na4 g4 22. Bxg8 Rxg8 23. Qd2 Bg5 24. Be3 Be7 25. Rcd1 c5 26. Bf4 Nxf4 27. Qxf4 Rf8 28. Qh6 c4 29. Qxh5+ Rf7 30. e5 Kf8 31. Qh8# 1-0

[Event "*** Titled Tuesday 3|2 Blitz"]
[Site "Chess.com"]
[Date "2017.06.06"]
[Round "8"]
[White "Vice64"]
[Black "dinevmk"]
[Result "1-0"]
[WhiteElo "2321"]
[BlackElo "2014"]
[TimeControl "180+2"]
[EndTime "15:34:21 PDT"]
[Termination "Vice64 won on time"]

1. Nf3 Nf6 2. g3 g6 3. Bg2 Bg7 4. O-O O-O 5. d3 c6 6. e4 d5 7.
e5 Nfd7 8. d4 e6 9. h4 c5 10. c3 Nc6 11. Re1 f6 12. exf6 Qxf6 13. Bg5 Qf7 14. Na3 cxd4 15. Nb5 dxc3 16. Nd6 cxb2 17. Rb1 Nb6 18. Nxf7 Rxf7 19. Bf4 Nc4 20. Bh3 Na3 21. Bxe6 Bxe6 22. Rxe6 Nxb1 23. Qxb1 Rc8 24. Re1 a5 25. Kg2 a4 26. a3 b5 27. Ne5 b4 28.
Qxb2 b3 29. Qd2 Nxe5 30. Bxe5 Rc2 31. Qxd5 Rxf2+ 32. Kh3 Bf8 33. Bd4 Rd2 34. Rf1 1-0

[Event "*** Titled Tuesday 3|2 Blitz"]
[Site "Chess.com"]
[Date "2017.06.06"]
[Round "8"]
[White "djano"]
[Black "aa175"]
[Result "1-0"]
[WhiteElo "2324"]
[BlackElo "1880"]
[TimeControl "180+2"]
[EndTime "15:34:24 PDT"]
[Termination "djano won by checkmate"]

1. d4 d5 2. Nc3 Nf6 3. Bf4 e6 4.
e3 a5 5. Nf3 a4 6. a3 b6 7. Ne5 Ba6 8. Bd3 Bd6 9. Nxa4 Bxd3 10.
cxd3 c5 11. Qb3 Nbd7 12. Nxf7 Kxf7 13. Bxd6 cxd4 14. exd4 b5 15. Nc5 Nxc5 16. dxc5 Qd7 17. O-O Qc6 18. Rfe1 Ra4 19. Re3 Re8 20. Rae1 Qd7 21.
h3 Qc6 22. Qc3 d4 23. Qc2 dxe3 24. fxe3 Rd8 25. Qb3 Ra7 26. Rf1 Rxd6 27. cxd6 Qxd6 28. Qxb5 Rd7 29. d4 Rc7 30. Qe5 Ke7 31. Qg5 Ke8 32. a4 Qd5 33. Qg3 Rb7 34. Rc1 Ne4 35. Qf4 Rf7 36.
Rc8+ Kd7 37. Qc7# 1-0

[Event "*** Titled Tuesday 3|2 Blitz"]
[Site "Chess.com"]
[Date "2017.06.06"]
[Round "8"]
[White "dolynachess"]
[Black "Enzy63"]
[Result "1-0"]
[WhiteElo "2309"]
[BlackElo "2047"]
[TimeControl "180+2"]
[EndTime "15:34:48 PDT"]
[Termination "dolynachess won by resignation"]

1. c4 Nf6 2. Nc3 g6 3. g3 Bg7 4. Bg2 O-O 5. Nf3 d6 6. O-O e5 7.
d3 Nc6 8. Bg5 h6 9. Bxf6 Bxf6 10. Rb1 a5 11. a3 Be6 12. b4 axb4 13. axb4 Qc8 14. Nd2 Bh3 15. Nd5 Bd8 16. b5 Nd4 17.
e3 Bxg2 18. Kxg2 Ne6 19. Ra1 Rxa1 20. Qxa1 f5 21. Qa7 f4 22. exf4 exf4 23. Nf3 g5 24.
Nd4 Nxd4 25. Qxd4 f3+ 26. Kh1 Qh3 27. Rg1 c6 28. bxc6 bxc6 29. Ne3 Be7 30. g4 Rf4 31. Qa7 Bf6 32. Qa8+ Kg7 33. Qxc6 Be5 34. Rg3 Qh4 35. h3 Rf7 36. Rxf3 1-0

[Event "*** Titled Tuesday 3|2 Blitz"]
[Site "Chess.com"]
[Date "2017.06.06"]
[Round "8"]
[White "bugbug01052018"]
[Black "Rating-Schmating"]
[Result "0-1"]
[WhiteElo "1927"]
[BlackElo "2315"]
[TimeControl "180+2"]
[EndTime "15:34:48 PDT"]
[Termination "Rating-Schmating won by resignation"]

1. e4 e6 2. Nf3 d5 3. Nc3 Nf6 4.
exd5 exd5 5. d4 Bd6 6. Bd3 O-O 7. O-O h6 8. Be3 Bg4 9. h3 Bxf3 10. Qxf3 c6 11.
Bf4 Qc7 12. Bxd6 Qxd6 13. Qf5 Nbd7 14. Rfe1 Rfe8 15. a4 Nb6 16. a5 Nc4 17. Bxc4 dxc4 18. Red1 Rad8 19. Na4 Qd5 20. Qxd5 Nxd5 21. c3 Re2 22. Nc5 Rxb2 23. Rdc1 b6 24. axb6 axb6 25. Nb7 Re8 26. Nd6 Ree2 27. Ra8+ Kh7 28. Rf1 b5 29. Rc8 Nxc3 30. Rxc6 Ne4 31. Nxe4 Rxe4 32. d5 Rd4 33. Rc5 b4 34. Rc1 c3 35. g3 Rdd2 36. h4 Rxf2 37.
d6 Rfd2 38. Rc6 c2 39. d7 Rxd7 40. R6xc2 Rxc2 41. Rxc2 Rd1+ 42. Kg2 Rb1 43. Rf2 f6 44. Rf5 Kg6 45. Rb5 h5 46. Rb7 b3 47. Rb5 Kf7 48.
Rb7+ Ke6 49. Rb5 Kd6 50. Rb8 Kc5 51. Rc8+ Kd4 52. Rd8+ Kc3 53. Rc8+ Kb2 54. Kf2 Rc1 55. Ra8 Rc2+ 56. Ke1 Kb1 57. Kd1 b2 58. Ra3 Rc6 59.
Kd2 Rd6+ 60. Kc3 Kc1 0-1

[Event "*** Titled Tuesday 3|2 Blitz"]
[Site "Chess.com"]
[Date "2017.06.06"]
[Round "8"]
[White "Zufi1811"]
[Black "GianmarcoVaR"]
[Result "1-0"]
[WhiteElo "2340"]
[BlackElo "2431"]
[TimeControl "180+2"]
[EndTime "15:34:50 PDT"]
[Termination "Zufi1811 won by resignation"]

1. e4 c6 2. Nf3 d5 3. Nc3 g6 4. d4 Bg7 5. h3 Nh6 6. Bd3 dxe4 7. Nxe4 Nf5 8. c3 O-O 9. O-O b6 10. Re1 Bb7 11. Bf4 Na6 12. Qd2 Re8 13. Re2 Nc7 14. Rae1 Qd7 15. Ne5 Qc8 16. Bc4 Nd5 17. Bh2 a5 18. Bb3 a4 19. Bc2 Bh6 20. Qd1 a3 21. b3 Nd6 22. Ng4 Bf8 23. Bxd6 h5 24. c4 hxg4 25.
cxd5 cxd5 26. Nf6+ Kh8 27. Nxe8 exd6 28. Nf6 Bc6 29.
hxg4 Kg7 30. g5 Bb5 31. Re3 Be7 32. Rxe7 1-0

[Event "*** Titled Tuesday 3|2 Blitz"]
[Site "Chess.com"]
[Date "2017.06.06"]
[Round "8"]
[White "LonesomeGeorge1"]
[Black "ANLex1963"]
[Result "0-1"]
[WhiteElo "2234"]
[BlackElo "2210"]
[TimeControl "180+2"]
[EndTime "15:34:54 PDT"]
[Termination "ANLex1963 won by checkmate"]

1. e4 c5 2. Nf3 d6 3. d4 cxd4 4.
Nxd4 Nf6 5. Nc3 g6 6. Be2 Bg7 7. Nb3 O-O 8. g4 Nc6 9. g5 Nd7 10. h4 Nc5 11. Be3 b6 12. f3 Be6 13. Qd2 a5 14. h5 a4 15. Nd4 Nxd4 16. Bxd4 a3 17. b3 Rc8 18. O-O-O Nd7 19. Bxg7 Kxg7 20. Qd4+ Kg8 21.
hxg6 fxg6 22. Nd5 Ne5 23. f4 Nc6 24. Qe3 Bxd5 25. exd5 Nb4 26. Qe6+ Rf7 27. Bd3 Qc7 28. Rxh7 Nxd3+ 29. Kd2 Qxc2+ 30. Ke3 Qf2+ 31. Kxd3 Qf3+ 32. Kd2 Qxf4+ 33. Kd3 Kxh7 34. Rh1+ Kg7 35. Qxc8 Qf3+ 36. Kd4 Rf4# 0-1

[Event "*** Titled Tuesday 3|2 Blitz"]
[Site "Chess.com"]
[Date "2017.06.06"]
[Round "8"]
[White "AkshatChandra"]
[Black "TenisMaster"]
[Result "0-1"]
[WhiteElo "2731"]
[BlackElo "2693"]
[TimeControl "180+2"]
[EndTime "15:34:59 PDT"]
[Termination "TenisMaster won by checkmate"]

1. d4 d5 2. Nf3 Nf6 3. c4 c6 4. Nc3 e6 5. Bg5 Nbd7 6. e3 h6 7.
Bh4 g5 8. Bg3 Nh5 9. Bd3 Nxg3 10.
hxg3 Bg7 11. Qe2 Qe7 12. O-O-O dxc4 13. Bxc4 a6 14. Kb1 b5 15. Bd3 c5 16. Be4 Ra7 17.
Bc6 O-O 18. Bxd7 Bxd7 19. Ne5 cxd4 20. exd4 b4 21. Ne4 Bb5 22. Qh5 Rd8 23. f4 Qb7 24.
Nc5 Qxg2 25. fxg5 Be2 26. Qh4 Bxd1 27. Rxd1 Bxe5 28. gxh6 Rxd4 29. Qg5+ Kh7 30. Re1 Rd1+ 31. Rxd1 Qxb2# 0-1

[Event "*** Titled Tuesday 3|2 Blitz"]
[Site "Chess.com"]
[Date "2017.06.06"]
[Round "8"]
[White "TamNguyen2"]
[Black "SabinaFoisor"]
[Result "0-1"]
[WhiteElo "2123"]
[BlackElo "2292"]
[TimeControl "180+2"]
[EndTime "15:35:07 PDT"]
[Termination "SabinaFoisor won by checkmate"]

1. d4 d5 2. c4 e6 3. Nf3 Nf6 4. g3 Be7 5. Bg2 O-O 6. O-O c6 7. Qc2 b6 8. b3 Bb7 9. Nc3 Na6 10. e4 Rc8 11. e5 Ne8 12. Be3 Nec7 13. Rad1 Qe8 14. Ng5 g6 15. h4 c5 16. h5 cxd4 17. Rxd4 Nb4 18. Qb1 Nc6 19. Rh4 Nxe5 20. hxg6 Nxg6 21. Rh6 Bxg5 22. Bxg5 f6 23. Bf4 e5 24.
Bd2 Qf7 25. Nxd5 Nxd5 26. cxd5 Rcd8 27. f4 Bxd5 28. Bh3 e4 29. Bf5 Rfe8 30. Bc3 Qg7 31. Rh3 e3 32. g4 e2 33. Re1 Ba8 34. g5 Qb7 35. Rh2 Qf3 36. Bxg6 Qg3+ 37. Rg2 Qxg2# 0-1

[Event "*** Titled Tuesday 3|2 Blitz"]
[Site "Chess.com"]
[Date "2017.06.06"]
[Round "8"]
[White "Fins0905"]
[Black "Schemato"]
[Result "1-0"]
[WhiteElo "2420"]
[BlackElo "2291"]
[TimeControl "180+2"]
[EndTime "15:35:12 PDT"]
[Termination "Fins0905 won by resignation"]

1. d4 e6 2. c4 f5 3. g3 Nf6 4.
Bg2 c6 5. Nf3 d5 6. O-O Bd6 7.
b3 Qe7 8. Bb2 O-O 9. Qc1 Nbd7 10. Ba3 Bxa3 11. Nxa3 a5 12. e3 a4 13. Nc2 b6 14.
Rd1 Ba6 15. Bf1 Ne4 16. Qb2 Rfb8 17. Rac1 h6 18. Nce1 a3 19. Qc2 Rc8 20. Nd3 Nd6 21. Nde5 Nxe5 22. Nxe5 Nf7 23. Nd3 Nd6 24. c5 bxc5 25.
Nxc5 Bxf1 26. Rxf1 Ne4 27. Nd3 c5 28. dxc5 e5 29. b4 Rab8 30. Rfd1 Rb5 31. Qb3 Nf6 32. Qxa3 Kh7 33. Qc3 Ng4 34. h3 e4 35. hxg4 exd3 36. Qxd3 g6 37. Qxb5 1-0